 Dungeon Crawl Stone Soup version 0.24.0-125-gc4c63601f3 (webtiles) character file.

Game seed: 14650276161719395092, levelgen mode: deterministic

3608 GenChuck the Destroyer (level 9, -29/62 HPs)
             Began as a Yellow Draconian Conjurer on Mar 17, 2020.
             Was an Elder of Vehumet.
             Killed by the air
             ... invoked by Gastronok
              (33 damage)
             ... on level 8 of the Dungeon on Mar 18, 2020.
             The game lasted 02:04:06 (14732 turns).

GenChuck the Destroyer (Yellow Draconian Conjurer) Turns: 14732, Time: 02:04:07

Health: -29/62     AC:  8    Str: 11    XL:     9   Next: 86%
Magic:  11/20      EV: 12    Int: 23    God:    Vehumet [****..]
Gold:   393        SH:  0    Dex: 11    Spells: 4/23 levels left

rFire    . . .     SeeInvis .   s - +2 whip (flame)
rCold    . . .     Gourm    .   (no shield)
rNeg     . . .     Faith    .   (armour unavailable)
rPois    .         Spirit   .   (helmet restricted)
rElec    .         Reflect  .   (no cloak)
rCorr    +         Harm     .   v - +0 pair of gloves
MR       .....                  (no boots)
Stlth    ++........             (no amulet)
HPRegen  0.20/turn              a - +4 ring of intelligence
MPRegen  0.17/turn              b - ring of flight

@: slowed, very slow
A: spit acid, unfitting armour, cold-blooded, acid resistance, AC +7
a: Breathe Acid, Renounce Religion, Evoke Flight


You were on level 8 of the Dungeon.
You worshipped Vehumet.
Vehumet was greatly pleased with you.
You were not hungry.

You visited 2 branches of the dungeon, and saw 9 of its levels.

You collected 393 gold pieces.

Inventory:

Hand Weapons
 e - a +0 short sword of venom
 s - a +2 whip of flaming (weapon)
 t - a +1 rapier of protection
Missiles
 n - 461 stones (quivered)
Armour
 v - a +0 pair of gloves (worn)
 x - a +0 cloak
Magical Staves
 B - an uncursed staff of wizardry {unknown}
 C - an uncursed staff of energy {unknown}
Jewellery
 a - a +4 ring of intelligence (left hand)
 b - a ring of flight (right hand)
Wands
 d - a wand of paralysis (1)
 r - a wand of random effects (12)
 w - a wand of flame (34)
 y - a wand of iceblast (8)
Scrolls
 c - a scroll of vulnerability {unknown}
 f - 5 scrolls of remove curse
 A - a scroll of teleportation
Potions
 g - a potion of agility
 h - a potion of heal wounds {unknown}
 i - 2 potions of curing
 j - 3 potions of resistance
 k - 2 potions of brilliance
 l - a potion of ambrosia {unknown}
 m - 2 potions of haste
 p - a potion of invisibility {unknown}
 q - 2 potions of lignification {unknown}
 u - 2 potions of might
 z - a potion of degeneration {unknown}
Comestibles
 o - 8 rations


   Skills:
 + Level 1.6 Short Blades
 + Level 1.9 Maces & Flails
 - Level 1.7 Dodging
 - Level 1.7 Stealth
 + Level 7.8 Spellcasting
 * Level 11.3 Conjurations
 + Level 1.4 Fire Magic
 + Level 0.4 Air Magic
 + Level 1.6 Earth Magic
 + Level 0.7 Poison Magic


You had 4 spell levels left.
You knew the following spells:

 Your Spells              Type           Power        Failure   Level  Hunger
a - Magic Dart            Conj           ####         1%          1    None
b - Searing Ray           Conj           ######       1%          2    None
c - Iskenderun's Mystic   Conj           ######..     1%          4    ###....
d - Sandblast             Erth           ###...       1%          1    None
e - Flame Tongue          Conj/Fire      #####        1%          1    None
f - Mephitic Cloud        Conj/Pois/Air  ####....     1%          3    None
g - Stone Arrow           Conj/Erth      #####.       1%          3    None
h - Sticky Flame          Conj/Fire      #####...     1%          4    ###....

Your spell library contained the following spells:

 Spells                   Type           Power        Failure   Level  Hunger
 Sting                    Conj/Pois      ####         1%          1    None
 Dazzling Spray           Conj/Hex       #####.       1%          3    None
 Force Lance              Conj/Tloc      #####...     1%          4    ###....
 Fulminant Prism          Conj/Hex       #####.....   1%          4    ###....
 Poisonous Vapours        Pois/Air       ##....       9%          2    None
 Olgreb's Toxic Radiance  Pois           ##......     13%         4    ###....
 Fireball                 Conj/Fire      #####.....   4%          5    #####..
 Venom Bolt               Conj/Pois      #####.....   4%          5    #####..
 Spellforged Servitor     Conj/Summ      #####.....   78%         7    #######
 Silence                  Hex/Air        ##........   87%         5    #####..


Dungeon Overview and Level Annotations

Branches:
Dungeon (8/15)             Temple (1/1) D:5            Lair (0/6) D:8

Altars:
Ashenzari
Cheibriados
Dithmenos
Elyvilon
Fedhas
Gozag
Hepliaklqana
Kikubaaqudgha
Makhleb
Nemelex Xobeh
Okawaru
Qazlal
Ru
Sif Muna
Trog
Uskayaw
Vehumet
Wu Jian
Xom
Yredelemnul
Zin
The Shining One

Shops:
D:7 (   D:8 :[[[

Annotations:
D:7 1 runed translucent door, dogstar's ghost, novice GnWn
D:8 Gastronok


Innate Abilities, Weirdness & Mutations

You can spit globs of acid.
Your golden yellow scales are hard. (AC +7)
You cannot fit into any form of body armour.
You are cold-blooded and may be slowed by cold attacks.
You are resistant to acid. (rCorr)


Message History

Aiming: Stone Arrow (safe; 1% risk of failure)
Press: ? - help, Shift-Dir - straight line, f/p - Gastronok
Aim: Gastronok, wearing a +2 hat of intelligence (noxious fumes)
The stone arrow hits Gastronok!
Gastronok is lightly wounded.
Gastronok is engulfed in noxious fumes.
Gastronok waves his eye-stalks in wide circles.
The air twists around and strikes you!!
Ouch! That really hurt!
Gastronok is engulfed in noxious fumes.
Gastronok looks at you and mumbles some strange words.
You feel yourself slow down.
Gastronok waves his eye-stalks in wide circles.
The air twists around and strikes you!!
* * * LOW HITPOINT WARNING * * *
Gastronok's eyestalks quiver as he mumbles some strange words.
Gastronok waves his eye-stalks in wide circles.
The air twists around and strikes you!!
Ouch! That really hurt!
You die...

#...# #.#...≈...#.##>#######
##..# ##..#...#..###.###
####..#######.##P.P##.#.....#
............#......P..###.#.#
####.>##....#≈.P.>P..≈# #.#.#
##.##....#..PPP....# #.#.#
#.##....#.##P..##.# #.#.#
#.#######..#...#..###.#.# #.#
#.#..@≈...#.##.#.# #.##
#....###....##.#<# #..##
#...........##.### #####...#
####.#########.# ....#.#.# ##r#
####.#### ###..∩..#
#..######.......#### ###.###
#.......#.#####....#
####..########w#####.#..#####.#..
.......w.......# #.............


You could see Gastronok and a rat.

Vanquished Creatures
  Pikel (D:4)
  Grinder (D:4)
  A hungry ghost (D:7)
  4 orc warriors
  An ice beast (D:6)
  2 sky beasts
  2 ogres
  2 phantoms (D:5)
  A centaur (D:6)
  2 big kobolds (D:3)
  Blork the orc (D:5)
  A howler monkey (D:5)
  5 crimson imps
  A centaur zombie (D:6)
  5 hounds
  2 jellies (D:7)
  10 orc wizards
  4 orc priests
  2 bullfrog skeletons
  4 iguanas
  8 worker ants
  4 gnolls
  8 adders
  4 shadow imps
  An ooze (D:1)
  An adder skeleton (D:6)
  2 worms
  3 dart slugs
  5 leopard geckos
  37 orcs
  3 ball pythons
  2 bat zombies (D:6)
  10 giant cockroaches
  10 goblins
  10 hobgoblins
  9 jackals
  4 quokkas
  5 bats
  8 frilled lizards
  54 kobolds
  A leopard gecko skeleton (D:4)
  A quokka skeleton (D:4)
  7 rats
  A rat zombie (D:6)
250 creatures vanquished.

Vanquished Creatures (others)
  A hound (D:4)
  A leopard gecko (D:4)
2 creatures vanquished.

Grand Total: 252 creatures vanquished

Notes
Turn   | Place    | Note
-------+----------+-------------------------------------------
     0 | D:1      | GenChuck the Draconian Conjurer began the quest for the
                  | Orb.
     0 | D:1      | Reached XP level 1. HP: 14/14 MP: 3/3
   162 | D:1      | Reached XP level 2. HP: 16/20 MP: 5/5
   983 | D:1      | Reached XP level 3. HP: 26/26 MP: 1/6
  1102 | D:1      | Reached skill level 5 in Conjurations
  1927 | D:2      | You fall into a shaft and drop 1 floor!
  2037 | D:2      | Reached XP level 4. HP: 32/33 MP: 2/7
  2087 | D:2      | Learned a level 2 spell: Searing Ray
  2092 | D:2      | Learned a level 4 spell: Iskenderun's Mystic Blast
  2800 | D:3      | Found a blossoming altar of Fedhas.
  2968 | D:3      | Found a shimmering altar of Xom.
  3149 | D:3      | Found a radiant altar of Vehumet.
  3159 | D:3      | Became a worshipper of Vehumet
  3479 | D:3      | Found a shimmering blue altar of Sif Muna.
  3491 | D:3      | Reached skill level 6 in Conjurations
  3491 | D:3      | Reached XP level 5. HP: 37/38 MP: 0/9
  3838 | D:3      | Reached * piety under Vehumet
  3838 | D:3      | Offered knowledge of Sandblast by Vehumet.
  4019 | D:3      | Learned a level 1 spell: Sandblast
  4213 | D:3      | Reached XP level 6. HP: 45/45 MP: 2/10
  4735 | D:3      | Offered knowledge of Flame Tongue by Vehumet.
  5300 | D:4      | Reached skill level 7 in Conjurations
  5310 | D:4      | Learned a level 1 spell: Flame Tongue
  5829 | D:4      | Found a hazy altar of Hepliaklqana.
  6037 | D:4      | Reached ** piety under Vehumet
  6171 | D:4      | Your scales start taking on a golden yellow colour.
  6171 | D:4      | Reached XP level 7. HP: 42/50 MP: 6/13
  6171 | D:4      | Gained mutation: You are resistant to acid. (rCorr) [Yellow
                  | Draconian growth]
  6380 | D:4      | Noticed Pikel
  6381 | D:4      | Paralysed by Pikel for 7 turns
  6402 | D:4      | Killed Pikel
  6402 | D:4      | Reached skill level 1 in Short Blades
  6402 | D:4      | Reached skill level 8 in Conjurations
  6402 | D:4      | Reached XP level 8. HP: 26/57 MP: 0/15
  6660 | D:4      | Noticed Grinder
  6679 | D:4      | Killed Grinder
  6679 | D:4      | Reached skill level 5 in Spellcasting
  6679 | D:4      | Reached skill level 9 in Conjurations
  7043 | D:5      | Entered Level 5 of the Dungeon
  7438 | D:5      | Found a hide-covered altar of Uskayaw.
  7644 | D:5      | Found a staircase to the Ecumenical Temple.
  7664 | Temple   | Entered the Ecumenical Temple
  8278 | D:6      | Noticed Blork the orc
  8434 | D:6      | Reached skill level 1 in Maces & Flails
  9146 | D:5      | Killed Blork the orc
  9146 | D:5      | Reached skill level 1 in Fire Magic
  9251 | D:6      | Reached skill level 10 in Conjurations
  9304 | D:6      | Offered knowledge of Mephitic Cloud by Vehumet.
  9347 | D:6      | Learned a level 3 spell: Mephitic Cloud
  9369 | D:6      | Found an ornate altar of the Wu Jian Council.
  9393 | D:6      | Reached XP level 9. HP: 58/62 MP: 3/18
  9661 | D:5      | Reached *** piety under Vehumet
  9851 | D:6      | HP: 2/62 [orc warrior/boomerang (17)]
 10420 | D:6      | Found a snail-covered altar of Cheibriados.
 10546 | D:6      | Found an ancient bone altar of Kikubaaqudgha.
 11489 | D:7      | Offered knowledge of Stone Arrow by Vehumet.
 11831 | D:7      | Found Hezanudgh's Weapon Shop.
 12546 | D:7      | Learned a level 3 spell: Stone Arrow
 12605 | D:7      | Identified a scroll of acquirement
 12605 | D:7      | Identified the Incunabulum of Excruciating Flight (You
                  | acquired it on level 7 of the Dungeon)
 12614 | D:7      | Learned a level 4 spell: Sticky Flame
 12822 | D:7      | Found a runed translucent door.
 12823 | D:7      | Noticed dogstar's ghost (novice GnWn)
 12872 | D:8      | Found Voetoupi's Antique Armour Emporium.
 13013 | D:8      | Reached skill level 1 in Earth Magic
 13053 | D:8      | Found a staircase to the Lair.
 13125 | D:8      | Found an iron altar of Okawaru.
 13125 | D:8      | Noticed Gastronok
 13216 | D:8      | Found Xaqyum's Armour Shoppe.
 13422 | D:8      | Found a shadowy altar of Dithmenos.
 13438 | D:8      | Reached skill level 11 in Conjurations
 13734 | D:8      | Reached **** piety under Vehumet
 13922 | D:8      | Found Qojuy's Book Shoppe.
 14041 | D:8      | Found Usolobiu's Antique Armour Emporium.
 14728 | D:8      | HP: 2/62 [Gastronok/the air (29)]
 14732 | D:8      | Killed from afar by Gastronok

Levels and vault maps discovered:
D:1:      dpeg_arrival_arbitrary_a, layout_loops_ring
D:2:      layout_rooms, first_ration, st_stairs_7
D:3:      minmay_goblin_kobold_castle, layout_basic, led_sif_book,
          vehumet_crystals, lemuel_doored_altar, lemuel_coloured_pillars_altar
D:4:      layout_loops_ring, kennysheep_little_box, uniq_grinder, uniq_pikel,
          uniq_crazy_yiuf_cottage
D:5:      layout_basic, eat_drink_and_be_merry_uskayaw,
          minmay_temple_entry_junction_2, grunt_ministairs_15
D:6:      cheibrodos_helix_gallery, layout_cave_pools, slow_altar_1,
          lemuel_zombie_altar_kikubaaqudgha, overflow_temple_1_default,
          uniq_blork_the_orc
D:7:      layout_loops_ring, serial_shops, shop, gammafunk_ghost_grave
D:8:      layout_basic, nicolae_dithmenos_shadow_blocks, old_standard_altar,
          dpeg_oklobed_lair, serial_shops, kennysheep_mini,
          nicolae_shop_crystal, shop, nicolae_shop_trees, uniq_gastronok
Temple:   jpeg_temple_clearing

Skill      XL: |  1  2  3  4  5  6  7  8  9 |
---------------+----------------------------+-----
Conjurations   | 5 6 7 8 10 11 | 11.3
Spellcasting   | 3 4 6 7 |  7.8
Short Blades   | 1 |  1.6
Maces & Flails | 1 |  1.9
Fire Magic     | 1 |  1.4
Earth Magic    | 1 |  1.6
Dodging        | |  1.7
Stealth        | |  1.7
Air Magic      | |  0.4
Poison Magic   | |  0.7

Action                   |  1- 3 |  4- 6 |  7- 9 || total
-------------------------+-------+-------+-------++-------
Melee: Unarmed           |     6 |       |       ||     6
       Hand axe          |    10 |       |       ||    10
       Tailslap          |     1 |     5 |     6 ||    12
       Whip              |       |     3 |    51 ||    54
       Short sword       |       |    37 |     7 ||    44
 Cast: Magic Dart        |    84 |   166 |   269 ||   519
       Iskenderun's Myst |       |     1 |    14 ||    15
       Searing Ray       |       |     3 |    14 ||    17
       Flame Tongue      |       |     1 |    77 ||    78
       Sandblast         |       |     1 |     7 ||     8
       Mephitic Cloud    |       |       |    24 ||    24
       Stone Arrow       |       |       |    31 ||    31
       Sticky Flame      |       |       |     2 ||     2
 Abil: Breathe Acid      |       |       |     6 ||     6
Evoke: Wand              |       |       |     2 ||     2
  Use: Scroll            |     5 |     4 |    12 ||    21
       Potion            |       |       |     3 ||     3
 Stab: Confused          |       |       |     1 ||     1
  Eat: Chunk             |     5 |     4 |    12 ||    21
       Ration            |       |     3 |     5 ||     8
Armor: Skin              |     9 |    23 |    63 ||    95
Dodge: Dodged            |    11 |    52 |   120 ||   183
